 Dungeon Crawl Stone Soup version 0.28-a0-422-gd71735cc25 (webtiles) character file.

Game seed: 7920379642954430414

719 willcat the Covert (level 7, -1/40 HPs)
             Began as a Deep Elf Delver on Sept 8, 2021.
             Was an Initiate of Yredelemnul.
             Slain by Dowan (2 damage)
             ... on level 6 of the Dungeon.
             The game lasted 00:03:53 (2580 turns).

willcat the Covert (Deep Elf Delver)                Turns: 2580, Time: 00:03:54

Health: -1/40      AC:  3    Str:  9    XL:     7   Next: 42%
Magic:  11/11      EV: 15    Int: 17    God:    Yredelemnul [......]
Gold:   75         SH:  0    Dex: 22    Spells: 6/6 levels left

rFire   . . .      SeeInvis .   o - +1 short sword (elec)
rCold   . . .      Faith    .   (no shield)
rNeg    . . .      Spirit   .   b - +0 leather armour
rPois   .          Reflect  .   (no helmet)
rElec   .          Harm     .   (no cloak)
rCorr   .          Rampage  .   (no gloves)
Will    .....                   (no boots)
Stlth   ++++......              (no amulet)
HPRegen 0.13/turn               a - +6 ring of dexterity
MPRegen 0.12/turn               (no ring)

@: brilliant
A: no striking features
a: Renounce Religion


You were on level 6 of the Dungeon.
You worshipped Yredelemnul.
Yredelemnul was noncommittal.
You visited 1 branch of the dungeon, and saw 3 of its levels.

You collected 75 gold pieces.

Inventory:

Hand Weapons
 n - a +2 short sword of holy wrath
 o - a +1 short sword of electrocution (weapon)
Missiles
 m - 25 poisoned darts (quivered)
Armour
 b - a +0 leather armour (worn)
Jewellery
 a - a +6 ring of dexterity (left hand)
Wands
 g - a wand of digging (3)
 l - a wand of flame (3)
Scrolls
 c - a scroll of fog
 d - a scroll of magic mapping
 e - a scroll of fear
 j - a scroll of silence
 k - a scroll of identify {unknown}
Potions
 f - a potion of haste
 h - a potion of cancellation {unknown}
 i - a potion of brilliance


   Skills:
 - Level 2.4 Fighting
 + Level 4.4 Short Blades
 + Level 1.8 Throwing
 + Level 5.3 Dodging
 + Level 8.1 Stealth
 + Level 2.9 Invocations
 + Level 1.7 Evocations


You had 6 spell levels left.
You didn't know any spells.
Your spell library was empty.

Dungeon Overview and Level Annotations

Branches:
Dungeon (6/15)
 Temple: D:4-7

Altars:
Yredelemnul

Annotations:
D:6 Dowan


Message History

Dowan hits you with a +0 dagger.
You closely miss Dowan.
Dowan is heavily wounded.
Dowan misses you.
You completely miss Dowan.
Dowan is heavily wounded.
Dowan hits you but does no damage.
You closely miss Dowan.
Dowan is heavily wounded.
Dowan misses you.
You closely miss Dowan.
Dowan is heavily wounded.
Dowan hits you with a +0 dagger.
You barely miss Dowan.
Dowan is heavily wounded.
You barely miss Dowan.
Dowan is heavily wounded.
Dowan hits you with a +0 dagger.
You hit Dowan but do no damage.
Dowan is heavily wounded.
Dowan hits you with a +0 dagger.
You barely miss Dowan.
Dowan is heavily wounded.
Dowan gestures at you while chanting. The puff of frost hits you!
* * * LOW HITPOINT WARNING * * *
You closely miss Dowan.
Dowan is heavily wounded.
Dowan says, "Magic and the sword, together, will defeat you."
Dowan points at you and mumbles some strange words.
The puff of frost hits you!
* * * LOW HITPOINT WARNING * * *
Dowan gestures wildly while chanting.
Dowan blinks!
Unknown command.
It was a potion of brilliance.
You feel clever all of a sudden. Dowan hits you with a +0 dagger.
You die...
Your body rises from the dead as a mindless zombie.

.............).##............ .
...............##..........#
...^.?....................##
............#.........#...#######
#.........###.....###.....##.##
##.....#### #..................
#....## ####......###.#....#
###.## #.#...........#....# ##
#####..@e..............#
#......<.##..#..........
#.....#......##..........
#.......##...##......##..
#........#...##.......#..
##.##..##........##...... ## #..
##............... #..
##.............. ###
#.####......#..


You could see Dowan.

Vanquished Creatures
  Eustachio (D:5)
  A necrophage (D:6)
  A black bear (D:5)
  A phantom (D:6)
  A bullfrog (D:6)
  A kobold brigand (D:6)
  A scorpion (D:5)
  A centaur zombie (D:6)
  2 orc priests (D:5)
  2 adders (D:5)
  2 white imps (D:6)
  A dart slug (D:5)
  3 orcs
  2 jackals (D:5)
  6 kobolds (D:6)
26 creatures vanquished.

Notes
Turn   | Place    | Note
-------+----------+-------------------------------------------
     0 | D:5      | willcat the Deep Elf Delver began the quest for the Orb.
     0 | D:5      | Reached XP level 1. HP: 13/13 MP: 3/3
   269 | D:5      | Found a basalt altar of Yredelemnul.
   270 | D:5      | Noticed Eustachio
   287 | D:5      | Killed Eustachio
   288 | D:5      | Reached skill level 7 in Stealth
   288 | D:5      | Reached XP level 2. HP: 18/18 MP: 4/4
   288 | D:5      | Reached XP level 3. HP: 22/22 MP: 5/5
   288 | D:5      | Reached XP level 4. HP: 27/27 MP: 6/6
   288 | D:5      | Reached XP level 5. HP: 31/31 MP: 7/7
   314 | D:5      | Became a worshipper of Yredelemnul the Dark
   343 | D:5      | Noticed a black bear
   346 | D:5      | Killed a black bear
   347 | D:5      | Reached skill level 1 in Invocations
   405 | D:5      | Reached XP level 6. HP: 21/36 MP: 9/9
  1519 | D:6      | Noticed an ice beast
  1764 | D:6      | Reached skill level 1 in Throwing
  1764 | D:6      | Reached skill level 5 in Dodging
  1942 | D:6      | Reached skill level 1 in Evocations
  1942 | D:6      | Reached XP level 7. HP: 25/40 MP: 10/10
  2229 | D:6      | Reached skill level 8 in Stealth
  2247 | D:6      | Noticed Dowan
  2578 | D:6      | HP: 1/40 [Dowan/puff of frost (9)]
  2580 | D:6      | Slain by Dowan

Illustrated notes

Levels and vault maps discovered:
D:4:      layout_basic, minitemple
D:5:      layout_basic, mainiacjoe_overflow_concentric_impassable,
          uniq_eustachio
D:6:      layout_cave_pools, minmay_temple_entry_antechambers, uniq_duvessa

Skill      XL: |  1  2  3  4  5  6  7 |
---------------+----------------------+-----
Short Blades   | 3 4 |  4.4
Dodging        | 4 5 |  5.3
Stealth        | 7 8 |  8.1
Invocations    | 1 2 |  2.9
Throwing       | 1 |  1.8
Evocations     | 1 |  1.7
Fighting       | |  2.4

Action                   |  1- 3 |  4- 6 |  7- 9 || total
-------------------------+-------+-------+-------++-------
Melee: Short sword       |     2 |    45 |    30 ||    77
Throw: Dart              |       |     4 |       ||     4
Evoke: Wand              |     4 |    17 |     1 ||    22
  Use: Scroll            |       |     3 |       ||     3
       Potion            |       |       |     1 ||     1
 Stab: Sleeping          |     2 |     2 |     1 ||     5
Armor: Leather armour    |       |     9 |     4 ||    13
Dodge: Dodged            |       |    45 |    10 ||    55

Table legend: (Time is in decaauts)
 A = Elapsed time spent in this place.
 B = Non-inter-level travel time spent in this place.
 C = Inter-level travel time spent in this place.
 D = Time resting spent in this place.
 E = Time spent auto-exploring this place.
 F = Levels seen in this place.
 G = Mean time per level.
                   A        B        C        D        E       F      G
               +--------+--------+--------+--------+--------+-----+--------+
         Total |   2575 |   2445 |    130 |    997 |    987 |   3 |  858.3 |
       Dungeon |   2575 |   2445 |    130 |    997 |    987 |   3 |  858.3 |
               +--------+--------+--------+--------+--------+-----+--------+

Top non-repeatable levels by time:
     D:5: 1551 daAuts
     D:6: 1022 daAuts
     D:4: 1 daAuts
